Map: Port Aleksander LE

Players

Smileblind

  • Race: Protoss Protoss
  • League: Silver
  • Spawn Location: 5:00

VOD

Have the link to the VOD?

Description

Time

  • Played on: Feb. 6, 2019, 10:42 p.m.
  • Length: 6:25
Show
View Real Time Build Order
Export as new Build Order

Smileblind Protoss 

Build Orders:  

Get SALT Encoding   

  12  0:06  Probe (Chrono Boost)  
  13  0:23  Probe (Chrono Boost)  
  14  0:33  Pylon  
  15  0:40  Probe (Chrono Boost)  
  16  1:00  Probe (Chrono Boost)  
  16  1:04  Gateway  
  16  1:16  Assimilator  
  16  1:17  Probe (Chrono Boost)  
  17  1:34  Probe (Chrono Boost)  
  17  1:36  Assimilator  
  18  1:43  Pylon  
  19  1:51  Probe (Chrono Boost)  
  19  2:04  Gateway  
  19  2:08  Probe (Chrono Boost)  
  20  2:19  Cybernetics Core  
  20  2:21  Zealot  
  20  2:25  Probe (Chrono Boost)  
  23  2:42  Probe (Chrono Boost)  
  24  2:59  Probe (Chrono Boost)  
  25  3:14  Nexus  
  25  3:26  Pylon  
  25  3:52  Stalker x2  
  29  4:05  Probe (Chrono Boost)  
  31  4:22  Probe (Chrono Boost)  
  31  4:34  Shield Battery  
  31  4:37  Warp Gate  
  31  4:39  Probe (Chrono Boost)  
  32  4:53  Probe (Chrono Boost)  
  32  4:56  Probe (Chrono Boost)  
  34  5:03  Pylon  
  34  5:04  Probe (Chrono Boost)  
  34  5:07  Assimilator  
  35  5:13  Probe (Chrono Boost)  
  35  5:14  Assimilator  
  35  5:17  Probe (Chrono Boost)  
  38  5:30  Probe (Chrono Boost)  
  38  5:31  Robotics Facility  
  38  5:39  Shield Battery  
  38  5:47  Probe (Chrono Boost)  
  37  6:07  Stalker  
  37  6:08  Stalker  
Tags
 
Add a new tag
Caveats
  • Supply blocks, unpowered buildings, or Contaminate may cause inaccurate times.
  • Supply counts are checked every 10 seconds.